Map: Bel'Shir Vestige LE (Void)

Players

Lambo

  • Race: Zerg Zerg
  • Spawn Location: 5:00

Neeb - Winner!

  • Race: Protoss Protoss
  • Spawn Location: 11:00

Event: WCS Austin 2017

VOD

Have the link to the VOD?

Description

Time

  • Played on: April 29, 2017, 12:30 p.m.
  • Length: 8:32

All games in this series

Show
View Real Time Build Order
Export as new Build Order

Lambo Zerg 

Build Orders: Hatch First 

Get SALT Encoding   

  12  0:00  Drone  
  13  0:12  Overlord  
  13  0:16  Drone  
  14  0:30  Drone x2  
  16  0:47  Hatchery  
  15  0:50  Drone  
  15  0:54  Drone  
  15  0:57  Drone  
  18  1:08  Extractor  
  17  1:13  Spawning Pool  
  17  1:16  Drone  
  17  1:19  Drone  
  18  1:32  Drone  
  19  1:40  Drone  
  20  1:50  Overlord  
  20  1:59  Drone  
  20  2:00  Queen x2  
  25  2:01  Zergling x2  
  26  2:10  Drone x2  
  26  2:11  Metabolic Boost  
  28  2:21  Zergling x2  
  29  2:25  Drone  
  30  2:32  Drone x2  
  32  2:42  Drone  
  33  2:45  Hatchery  
  33  2:48  Queen  
  34  2:54  Overlord  
  34  2:56  Drone  
  35  3:02  Drone  
  36  3:13  Drone x7  
  42  3:23  Drone  
  43  3:29  Overlord  
  43  3:32  Evolution Chamber  
  43  3:33  Queen, Spore Crawler  
  43  3:36  Overlord  
  43  3:45  Spore Crawler  
  43  3:46  Drone  
  43  3:47  Drone  
  44  3:49  Drone x5  
  49  3:56  Drone  
  49  3:57  Zergling x4  
  49  3:58  Zerg Melee Weapons Level 1  
  49  4:00  Drone x2  
  54  4:05  Drone x2  
  56  4:11  Drone  
  56  4:12  Drone  
  56  4:16  Spore Crawler  
  54  4:17  Spore Crawler  
  54  4:19  Spore Crawler  
  54  4:21  Drone x2, Spore Crawler  
  56  4:28  Drone x4, Spore Crawler  
  56  4:30  Overlord  
  57  4:32  Overlord  
  57  4:39  Overlord  
  57  4:42  Overlord  
  57  4:44  Zergling x2  
  58  4:48  Overlord, Baneling Nest  
  58  4:49  Zergling x10  
  62  4:54  Zergling x4  
  62  5:01  Zergling x8  
  63  5:07  Drone x2  
  63  5:12  Drone  
  65  5:16  Lair  
  65  5:17  Drone x4  
  65  5:21  Drone x5  
  71  5:27  Extractor  
  72  5:29  Zergling x2  
  72  5:30  Zergling x6  
  72  5:33  Zergling x2  
  74  5:36  Baneling x6  
  74  5:38  Zergling x2  
  74  5:41  Queen  
  77  5:44  Zergling x4  
  77  5:46  Baneling  
  77  5:49  Zergling x2  
  81  5:50  Zergling x2  
  81  5:51  Drone x2  
  81  5:55  Extractor  
  81  5:56  Extractor  
  81  5:58  Overlord, Extractor  
  81  6:03  Drone x2  
  82  6:04  Overlord  
  82  6:07  Overlord  
  82  6:09  Overlord  
  82  6:13  Overlord  
  79  6:20  Drone x7  
  79  6:24  Drone x5  
  87  6:26  Hydralisk Den  
  87  6:30  Drone  
  87  6:36  Drone x2, Hatchery  
  88  6:42  Drone x3, Extractor  
  90  6:49  Drone, Centrifical Hooks  
  91  6:59  Muscular Augments  
  91  7:00  Drone x8  
  99  7:04  Overlord  
  99  7:09  Overlord  
  99  7:13  Hydralisk x4  
  107  7:18  Hatchery  
  107  7:19  Baneling x4  
  107  7:20  Zergling x8  
  107  7:21  Baneling x2  
  111  7:25  Zergling x8, Spine Crawler  
  111  7:26  Baneling x2  
  111  7:28  Spine Crawler  
  111  7:29  Zergling x4  
  115  7:30  Spine Crawler  
  115  7:33  Zergling x2, Baneling x5  
  114  7:41  Baneling x3  
  114  7:43  Zergling x2, Hydralisk  
  114  7:44  Zergling x6  
  118  7:49  Zergling x2  
  118  7:50  Zergling x8  
  103  7:52  Zergling x2  
  103  7:56  Zergling x2  
  103  7:57  Zergling x2  
  98  7:59  Baneling x3  
  98  8:01  Zergling x6, Hydralisk  
  93  8:06  Zergling x2  
  93  8:09  Zergling x6  
Show
View Real Time Build Order
Export as new Build Order

Neeb Protoss - Winner!

Build Orders: 1 Gate Expand, Oracle Opening, Phoenix Opening 

Get SALT Encoding   

  12  0:00  Probe (Chrono Boost)  
  13  0:11  Probe (Chrono Boost)  
  14  0:18  Pylon  
  14  0:21  Probe (Chrono Boost)  
  15  0:36  Probe (Chrono Boost)  
  15  0:40  Gateway  
  16  0:47  Probe (Chrono Boost)  
  16  0:49  Assimilator  
  17  0:57  Probe (Chrono Boost)  
  18  1:09  Probe (Chrono Boost)  
  19  1:21  Nexus  
  19  1:24  Probe (Chrono Boost)  
  20  1:34  Cybernetics Core  
  20  1:36  Probe (Chrono Boost)  
  21  1:43  Assimilator  
  22  1:47  Probe (Chrono Boost)  
  22  1:51  Pylon  
  22  1:57  Probe (Chrono Boost)  
  23  2:06  Adept  
  23  2:10  Warp Gate  
  23  2:11  Probe (Chrono Boost)  
  27  2:23  Probe (Chrono Boost)  
  27  2:27  Pylon  
  27  2:33  Probe (Chrono Boost)  
  27  2:35  Probe (Chrono Boost)  
  29  2:37  Stargate  
  29  2:38  Adept  
  29  2:43  Probe (Chrono Boost)  
  32  2:47  Probe (Chrono Boost)  
  33  2:54  Probe (Chrono Boost)  
  33  2:57  Probe (Chrono Boost)  
  35  3:04  Probe (Chrono Boost)  
  36  3:08  Probe (Chrono Boost)  
  37  3:14  Gateway  
  37  3:15  Probe (Chrono Boost)  
  37  3:16  Gateway  
  37  3:17  Oracle  
  38  3:23  Probe (Chrono Boost)  
  38  3:25  Probe (Chrono Boost)  
  43  3:29  Pylon  
  46  3:35  Probe (Chrono Boost)  
  46  3:39  Probe (Chrono Boost)  
  45  3:45  Pylon  
  45  3:47  Probe (Chrono Boost)  
  46  3:50  Probe (Chrono Boost)  
  46  3:51  Phoenix  
  46  3:54  Pylon  
  49  4:01  Mothership Core (Chrono Boost)  
  51  4:04  Probe (Chrono Boost)  
  52  4:10  Pylon, Nexus  
  52  4:22  Adept x3  
  58  4:27  Probe (Chrono Boost)  
  60  4:31  Probe (Chrono Boost)  
  60  4:34  Twilight Council  
  60  4:37  Assimilator  
  61  4:39  Probe (Chrono Boost)  
  61  4:43  Adept x3  
  61  4:44  Probe (Chrono Boost)  
  68  4:51  Probe (Chrono Boost)  
  68  4:52  Pylon  
  69  4:55  Probe (Chrono Boost)  
  69  4:57  Resonating Glaives  
  70  5:03  Probe (Chrono Boost)  
  70  5:05  Probe (Chrono Boost)  
  73  5:15  Robotics Facility  
  73  5:16  Probe x2 (Chrono Boost)  
  73  5:19  Adept x2  
  78  5:22  Probe (Chrono Boost)  
  78  5:25  Adept  
  78  5:26  Probe (Chrono Boost)  
  78  5:28  Probe (Chrono Boost)  
  83  5:32  Probe (Chrono Boost)  
  84  5:37  Probe (Chrono Boost), Gateway  
  84  5:38  Gateway  
  84  5:40  Probe (Chrono Boost)  
  84  5:41  Gateway  
  84  5:42  Gateway  
  86  5:45  Gateway  
  86  5:49  Gateway  
  86  5:50  Probe (Chrono Boost)  
  86  5:51  Pylon  
  86  5:56  Pylon  
  87  5:58  Adept x3  
  77  6:27  Warp Prism  
  77  6:31  Adept x3  
  85  6:43  Adept x5  
  95  6:51  Adept x3  
  95  6:52  Pylon, Adept  
  103  6:55  Pylon  
  103  6:57  Pylon  
  103  6:58  Warp Prism  
  103  7:05  Assimilator, Probe (Chrono Boost)  
  106  7:13  Adept x9  
  124  7:35  Pylon x2, Adept x8  
  124  7:36  Pylon  
  116  7:56  Adept x9  
  124  8:10  Probe (Chrono Boost)  
  124  8:11  Probe x2 (Chrono Boost)  
  119  8:13  Forge  
  119  8:17  Adept x5  
  119  8:18  Adept x4  
  119  8:25  Assimilator  
  119  8:26  Assimilator  
Tags
 
Add a new tag
Caveats
  • Supply blocks, unpowered buildings, or Contaminate may cause inaccurate times.
  • Supply counts are checked every 10 seconds.